 Dungeon Crawl Stone Soup version 0.14-a0-1969-g2c76abe (webtiles) character file.

1344 4tharraofdagon the Grappler (level 8, -3/80 HPs)
             Began as a Troll Monk on Jan 17, 2014.
             Killed by divine providence
             ... invoked by an orc priest
              (13 damage)
             ... on Level 8 of the Dungeon.
             The game lasted 00:07:03 (1353 turns).

4tharraofdagon the Grappler (Troll Monk)            Turns: 1353, Time: 00:07:03

HP  -3/80        AC  6     Str 20      XL: 8   Next: 22%
MP   3/3         EV 10     Int  8      God:
Gold 134         SH  0     Dex 12      Spells:  0 memorised,  7 levels left

rFire  . . .     SeeInvis .       - Unarmed
rCold  . . .     Clarity  .     a - +0 robe
rNeg   . . .     Conserve .     (shield restricted)
rPois  .         rCorr    .     (helmet restricted)
rElec  .         rRot     .     l - +0 orc cloak
SustAb . .       Spirit   .     (gloves unavailable)
rMut   .         Warding  .     (boots unavailable)
Gourm  +         Stasis   .     (no amulet)
MR     .....                    (no ring)
                                (no ring)

@: very slightly contaminated, not resistant to hostile enchantments, unstealthy
A: unfitting armour, claws 3, fast metabolism 3, gourmand, regeneration 2,
saprovore 2, shaggy fur 1, tough skin 2
a: no special abilities


You were on level 8 of the Dungeon.
You were very full.

You visited 1 branch of the dungeon, and saw 8 of its levels.

You collected 134 gold pieces.

Inventory:

Hand weapons
 h - a +0 blowgun
 j - a +0,+1 trident of dragon slaying
 p - a +0,+0 scythe
Armour
 a - a +0 robe (worn)
 l - a +0 orcish cloak (worn)
Comestibles
 b - 2 meat rations
 d - a bread ration
 o - a rotting chunk of giant frog flesh
Scrolls
 c - 2 scrolls of enchant weapon II {unknown}
 e - 3 scrolls of identify
 f - a scroll of magic mapping
 n - a scroll of random uselessness
 r - a scroll of amnesia
Potions
 k - 2 potions of curing


   Skills:
 + Level 5.2 Fighting
 - Level 2.4 Dodging
 - Level 1.1 Stealth
 * Level 9.1 Unarmed Combat


You had 7 spell levels left.
You didn't know any spells.

Dungeon Overview and Level Annotations

Branches:
Dungeon (8/16)
 Temple: D:4-7         Lair: D:8-11

Altars:
Fedhas
Okawaru
the Shining One

Annotations:
D:7 Joseph


Innate Abilities, Weirdness & Mutations

You are too large for most types of armour.
You have claws for hands.
Your metabolism is lightning-fast.
You like to eat raw meat.
You heal very quickly.
You can eat rotten meat.
You are covered in fur (AC +1).
You have very tough skin (AC +2).


Message History

Unknown command.
Unknown command.
Found a stone staircase leading up.
Unknown command.
Found a stone staircase leading down.
A hobgoblin comes into view.
Found 23 stones and a scroll of identify.
Found a stone staircase leading up.
Unknown command.
An orc priest comes into view. It is wielding an orcish dagger.
The orc priest shouts!
An orc comes into view. It is wielding an orcish hand axe.
There is a stone staircase leading up here.
Unknown command.
The hippogriff barely misses you. The hippogriff pecks you.
* * * LOW HITPOINT WARNING * * *
The hippogriff completely misses you.
The orc priest invokes the aid of Beogh against you.
Something smites you!
You die...

##.##
.....o.#####
#..o....#.
..##. # #. .


You could see a hippogriff, an orc priest, an orc wizard and an orc.

Vanquished Creatures
  An ice beast (D:5)
  2 centaurs (D:6)
  A phantom (D:4)
  A water moccasin (D:6)
  3 giant frogs (D:6)
  A gnoll sergeant (D:5)
  A killer bee (D:7)
  A hippogriff skeleton (D:5)
  2 crimson imps (D:7)
  3 hounds
  A scorpion (D:5)
  2 orc priests (D:6)
  2 orc wizards (D:6)
  An iguana (D:4)
  2 worker ants (D:5)
  Ijyb (D:6)
  A hound skeleton (D:4)
  3 adders
  A worm (D:5)
  2 adder skeletons
  2 giant geckos
  2 orcs (D:6)
  A bat (D:7)
  3 giant cockroaches
  3 goblins
  4 hobgoblins
  2 kobolds
  A quokka (D:6)
  A kobold zombie (D:6)
  4 rats
55 creatures vanquished.

Notes
Turn   | Place    | Note
--------------------------------------------------------------
     0 | D:1      | 4tharraofdagon, the Troll Monk, began the quest for the Orb.
     0 | D:1      | Reached XP level 1. HP: 22/22 MP: 1/1
   128 | D:2      | Reached XP level 2. HP: 22/29 MP: 1/1
   250 | D:4      | Noticed a phantom
   266 | D:4      | Killed a phantom
   266 | D:4      | Reached skill level 5 in Unarmed Combat
   266 | D:4      | Reached XP level 3. HP: 27/37 MP: 2/2
   266 | D:4      | Reached XP level 4. HP: 32/45 MP: 2/2
   385 | D:4      | Reached XP level 5. HP: 37/53 MP: 2/2
   432 | D:5      | Entered Level 5 of the Dungeon
   459 | D:5      | Found a glowing golden altar of the Shining One.
   471 | D:5      | Reached skill level 6 in Unarmed Combat
   518 | D:5      | Reached XP level 6. HP: 51/62 MP: 3/3
   600 | D:5      | Noticed an ice beast
   612 | D:5      | Killed an ice beast
   756 | D:5      | Reached skill level 7 in Unarmed Combat
   827 | D:6      | Reached XP level 7. HP: 18/71 MP: 3/3
   884 | D:6      | Found an iron altar of Okawaru.
   884 | D:6      | Found a blossoming altar of Fedhas.
   986 | D:6      | Reached skill level 8 in Unarmed Combat
  1127 | D:6      | Noticed Ijyb
  1134 | D:6      | Killed Ijyb
  1176 | D:6      | Reached skill level 5 in Fighting
  1176 | D:6      | Reached XP level 8. HP: 37/80 MP: 3/3
  1289 | D:7      | Reached skill level 9 in Unarmed Combat
  1318 | D:7      | Noticed Joseph
  1353 | D:8      | Killed from afar by an orc priest

Action                   |  1- 3 |  4- 6 |  7- 9 || total
-------------------------+-------+-------+-------++-------
Melee: Unarmed           |    35 |    87 |    83 ||   205
  Use: Potion            |     1 |     2 |     7 ||    10
       Scroll            |       |       |     8 ||     8
 Stab: Sleeping          |       |     1 |       ||     1
